Map: New Gettysburg LE

Players

danny

  • Race: Protoss Protoss
  • League: Silver
  • Spawn Location: 7:00

Fropez - Winner!

  • Race: Protoss Protoss
  • League: Gold
  • Spawn Location: 5:00

VOD

Have the link to the VOD?

Description

Time

  • Played on: Oct. 13, 2016, 7:44 p.m.
  • Length: 18:37
Show
View Real Time Build Order
Export as new Build Order

danny Protoss 

Build Orders:  

Get SALT Encoding   

  12  0:02  Probe (Chrono Boost)  
  13  0:13  Probe (Chrono Boost)  
  14  0:23  Probe (Chrono Boost)  
  14  0:24  Pylon  
  15  0:42  Probe (Chrono Boost)  
  16  0:49  Gateway  
  16  0:52  Probe (Chrono Boost)  
  16  0:54  Assimilator  
  17  1:03  Probe (Chrono Boost)  
  18  1:13  Probe (Chrono Boost)  
  19  1:24  Probe (Chrono Boost)  
  20  1:34  Probe (Chrono Boost)  
  21  1:41  Cybernetics Core  
  21  1:47  Nexus  
  21  1:49  Pylon  
  21  1:52  Probe (Chrono Boost)  
  22  1:57  Assimilator  
  22  2:18  Warp Gate (Chrono Boost)  
  24  2:23  Mothership Core  
  24  2:40  Adept  
  27  2:44  Probe  
  27  2:45  Pylon  
  27  2:56  Probe  
  28  2:59  Probe  
  29  3:08  Probe  
  29  3:10  Adept, Probe  
  33  3:18  Twilight Council  
  33  3:20  Probe  
  33  3:21  Probe, Forge  
  33  3:25  Robotics Facility  
  35  3:32  Probe  
  36  3:38  Stalker  
  36  3:39  Probe  
  39  3:44  Probe  
  37  3:50  Probe  
  38  3:55  Pylon  
  38  4:00  Photon Cannon  
  37  4:24  Photon Cannon  
  34  4:46  Pylon  
  34  4:51  Probe  
  35  5:03  Probe  
  35  5:04  Immortal  
  40  5:08  Charge (Chrono Boost)  
  40  5:11  Protoss Ground Weapons Level 1  
  40  5:16  Probe  
  40  5:17  Probe  
  42  5:28  Probe x2  
  43  5:32  Gateway  
  43  5:35  Gateway  
  44  5:40  Pylon  
  35  6:15  Probe  
  36  6:19  Probe  
  36  6:25  Probe, Immortal  
  41  6:31  Probe, Stalker  
  43  6:43  Probe  
  44  7:15  Stalker  
  44  7:16  Stalker  
  44  7:17  Probe, Stalker  
  51  7:22  Pylon  
  51  7:24  Assimilator  
  51  7:27  Probe  
  52  7:31  Immortal (Chrono Boost)  
  52  7:34  Protoss Ground Weapons Level 2 (Chrono Boost)  
  56  7:38  Probe  
  57  7:48  Probe  
  57  7:49  Probe  
  59  8:00  Probe  
  59  8:01  Probe  
  59  8:02  Stalker  
  59  8:03  Stalker x2  
  67  8:09  Observer (Chrono Boost)  
  67  8:12  Probe  
  69  8:23  Nexus  
  69  8:25  Pylon  
  69  8:28  Observer (Chrono Boost)  
  69  8:30  Pylon  
  69  8:32  Zealot x3  
  69  8:33  Pylon  
  74  8:36  Pylon  
  74  8:43  Dark Shrine  
  74  8:56  Photon Cannon  
  74  8:57  Photon Cannon  
  74  9:00  Photon Cannon  
  74  9:02  Probe  
  75  9:09  Assimilator  
  75  9:14  Probe  
  70  9:26  Probe  
  70  9:30  Stalker x3  
  54  9:58  Zealot x3  
  52  10:21  Stalker x3  
  54  11:15  Gateway  
  54  11:17  Gateway  
  54  11:18  Gateway  
  54  11:19  Gateway  
  54  11:33  Nexus  
  54  11:35  Pylon  
  54  11:36  Pylon  
  32  12:22  Stalker  
  32  12:23  Stalker  
  32  12:24  Stalker  
  28  12:46  Dark Templar x4  
  28  12:47  Dark Templar x2  
  40  13:00  Probe  
  41  13:11  Probe  
  41  13:12  Probe  
  37  13:21  Dark Templar x2  
  37  13:23  Probe  
  37  13:24  Dark Templar x3  
  37  13:25  Probe, Dark Templar  
  37  13:26  Dark Templar  
  53  13:35  Probe  
  54  13:47  Probe  
  51  14:40  Stalker  
  51  14:41  Stalker x3  
  51  14:42  Stalker  
  51  14:43  Stalker x2  
  65  14:57  Nexus  
  44  15:10  Stalker  
  44  15:11  Stalker x2  
  44  15:13  Stalker  
Show
View Real Time Build Order
Export as new Build Order

Fropez Protoss - Winner!

Build Orders: Oracle Opening 

Get SALT Encoding   

  12  0:01  Probe (Chrono Boost)  
  13  0:15  Pylon  
  13  0:23  Probe (Chrono Boost)  
  14  0:30  Assimilator  
  14  0:41  Gateway  
  14  0:53  Probe (Chrono Boost)  
  16  1:04  Probe (Chrono Boost)  
  16  1:14  Probe (Chrono Boost)  
  17  1:26  Pylon  
  17  1:31  Cybernetics Core  
  17  1:35  Probe (Chrono Boost)  
  17  1:37  Assimilator  
  18  1:46  Probe (Chrono Boost)  
  19  1:56  Probe (Chrono Boost)  
  20  2:07  Probe (Chrono Boost)  
  21  2:12  Stargate  
  21  2:17  Probe (Chrono Boost)  
  21  2:22  Warp Gate  
  22  2:27  Adept  
  24  2:39  Nexus  
  24  2:49  Pylon  
  24  2:55  Oracle  
  27  3:03  Adept  
  29  3:06  Probe (Chrono Boost)  
  30  3:27  Probe (Chrono Boost)  
  30  3:31  Oracle  
  34  4:03  Gateway  
  34  4:04  Gateway  
  34  4:05  Gateway  
  34  4:07  Probe (Chrono Boost)  
  33  4:39  Adept  
  33  4:40  Probe x2 (Chrono Boost)  
  37  4:51  Probe x2 (Chrono Boost)  
  36  5:01  Probe x2 (Chrono Boost)  
  36  5:03  Twilight Council  
  36  5:06  Pylon  
  38  5:12  Probe (Chrono Boost)  
  39  5:14  Adept  
  39  5:15  Adept x3  
  50  5:29  Void Ray (Chrono Boost)  
  42  6:07  Void Ray (Chrono Boost)  
  42  6:10  Adept x4  
  48  6:20  Gateway  
  48  6:23  Gateway  
  48  6:26  Gateway  
  48  6:28  Gateway  
  48  6:29  Gateway  
  48  6:37  Protoss Air Weapons Level 1  
  48  6:39  Probe, Charge (Chrono Boost)  
  48  6:42  Probe  
  50  6:51  Pylon  
  50  6:55  Pylon  
  50  6:56  Void Ray (Chrono Boost)  
  54  7:17  Zealot x3  
  54  7:18  Zealot  
  62  7:29  Forge x2  
  62  7:32  Nexus, Pylon  
  62  7:35  Nexus  
  62  7:40  Pylon  
  62  7:43  Probe  
  63  7:50  Adept x2  
  63  7:51  Adept  
  69  7:52  Void Ray  
  73  8:04  Adept x2  
  77  8:08  Probe x2  
  77  8:12  Adept  
  81  8:13  Resonating Glaives (Chrono Boost)  
  81  8:29  Adept x4  
  81  8:30  Adept  
  91  8:52  Void Ray, Zealot  
  91  8:53  Zealot x6  
  87  9:33  Zealot x4  
  87  9:34  Zealot x4  
  69  10:04  Probe  
  69  10:05  Probe x2  
  68  10:10  Protoss Ground Weapons Level 1, Protoss Ground Armor Level 1  
  64  10:20  Dark Shrine  
  64  10:21  Gateway, Robotics Facility  
  64  10:27  Assimilator  
  64  10:29  Assimilator x2  
  64  10:31  Assimilator  
  56  10:44  Nexus  
  52  11:02  Zealot x4  
  52  11:03  Zealot x5  
  70  11:12  Assimilator  
  70  11:15  Warp Prism  
  70  11:17  Assimilator  
  72  11:19  Void Ray  
  76  11:39  Zealot x3  
  76  11:46  Zealot x4  
  76  11:47  Zealot  
  81  12:29  Void Ray  
  77  12:36  Probe  
  78  12:37  Probe x2  
  74  12:51  Probe x2  
  74  12:54  Probe  
  74  12:55  Probe  
  78  13:02  Nexus  
  78  13:09  Void Ray  
  82  13:23  Observer  
  74  13:44  Observer, Zealot x2  
  74  13:45  Zealot x4  
  83  13:59  Zealot x2  
  77  14:06  Zealot  
  73  14:33  Twilight Council  
  55  15:51  Nexus  
  55  15:59  Pylon  
  55  16:01  Nexus  
  55  16:12  Pylon  
  55  16:24  Void Ray  
  43  17:12  Nexus  
  43  17:19  Nexus  
Tags
 
Matchup
PvP
Replay Pack
All Mines
Spawn Locations
Close Positions
Add a new tag
Caveats
  • Supply blocks, unpowered buildings, or Contaminate may cause inaccurate times.
  • Supply counts are checked every 10 seconds.